AoeStats
← juanitox3857

Black Forest

510120823Analyzed
2v2 RM · 3d ago on Sep 29, 2026· 66m 10s· 4 players
Game mode
Random Map
Map size
Medium (4 player)
Population
200
Speed
Normal
Resources
Standard
Victory
Conquest
Starting age
Dark Age
Ending age
Imperial Age
RankedLock teamsTeams togetherTeam positionsShared explorationLock speedFull tech treeHidden civsTurbo modeCheats
Victory
Defeat
🇵🇹 Khmer · Portugal
710
+16
🇵🇹 Turks · Portugal
709
+16
🇺🇸 Tupi · United States
718
-16
🇨🇴 Romans · Colombia
709
-16
Tolan699
0:27 Loom
12:36 Feudal Age
13:05 Horse Collar
14:37 Wheelbarrow
17:41 Double-Bit Axe
22:39 Castle Age
21:19 Gold Mining
23:23 Heavy Plow
23:43 Stone Mining
30:17 Fletching
30:28 Padded Archer Armor
32:22 Hand Cart
32:34 Bodkin Arrow
32:54 Leather Archer Armor
33:58 Thumb Ring
36:44 Sipahi
40:04 Imperial Age
37:55 Scale Barding Armor
39:37 Gold Shaft Mining
39:15 Bloodlines
39:05 Husbandry
39:35 Chain Barding Armor
41:08 Bow Saw
41:31 Parthian Tactics
43:15 Hoardings
43:01 Conscription
43:07 Caravan
44:11 Ring Archer Armor
43:42 Bracer
43:37 Heavy Camel Rider
45:45 Plate Barding Armor
47:15 Two-Man Saw
48:41 Heavy Cavalry Archer
50:48 Ballistics
50:42 Fortified Wall
50:46 Masonry
50:34 Murder Holes
53:09 Artillery
56:54 Elite Janissary
Magnetick
0:27 Loom
12:51 Feudal Age
13:43 Horse Collar
18:50 Bloodlines
24:35 Gold Mining
26:16 Scale Barding Armor
26:21 Forging
31:33 Castle Age
32:40 Husbandry
36:45 Fortified Wall
36:46 Masonry
39:13 Gold Shaft Mining
38:30 Stone Mining
38:24 Light Cavalry
42:10 Heavy Plow
42:02 Double-Bit Axe
43:25 Iron Casting
44:36 Wheelbarrow
45:20 Chain Barding Armor
48:08 Hand Cart
47:47 Town Watch
47:59 Fletching
48:13 Padded Archer Armor
48:14 Scale Mail Armor
56:36 Tusk Swords
59:12 Imperial Age
57:46 Caravan
58:31 Stone Shaft Mining
59:31 Bodkin Arrow
59:15 Elite Ballista Elephant
60:06 Double Crossbow
60:46 Ballistics
61:00 Architecture
60:36 Siege Engineers
61:37 Town Patrol
62:46 Crop Rotation
63:46 Blast Furnace
64:55 Bow Saw
64:10 Elite Battle Elephant
64:15 Cavalier
66:02 Man-at-Arms
66:28 Arson
67:01 Chain Mail Armor
67:23 Plate Barding Armor
66:48 Bracer
67:04 Leather Archer Armor
juanitox3857
9:47 Feudal Age
11:28 Double-Bit Axe
21:36 Castle Age
21:00 Horse Collar
23:21 Wheelbarrow
23:39 Gold Mining
26:27 Heavy Plow
26:38 Bow Saw
28:47 Forging
28:37 Scale Mail Armor
28:28 Fletching
28:38 Padded Archer Armor
29:12 Pikeman
39:22 Gold Shaft Mining
38:41 Stone Mining
42:07 Imperial Age
42:30 Onager
44:13 Chemistry
45:09 Two-Man Saw
43:51 Halberdier
44:32 Squires
44:40 Champi Runner
45:34 Champi Warrior
46:23 Curare
46:24 Caciques
57:48 Arson
crirob2016
5:38 Loom
12:33 Feudal Age
13:04 Double-Bit Axe
13:03 Horse Collar
19:05 Castle Age
19:35 Wheelbarrow
22:26 Forging
25:09 Town Watch
26:19 Caravan
27:47 Ballistics
27:32 Scale Mail Armor
27:35 Fletching
29:13 Chain Mail Armor
29:13 Man-at-Arms
29:53 Squires
33:51 Pikeman
34:31 Squires
35:42 Padded Archer Armor
35:12 Long Swordsman
38:34 Imperial Age
36:25 Guard Tower
37:35 Masonry
38:09 Iron Casting
37:57 Scale Barding Armor
38:59 Coinage
39:03 Gold Mining
40:51 Chemistry
41:39 Hand Cart
41:44 Heavy Plow
42:13 Leather Archer Armor
41:57 Halberdier
43:29 Town Patrol
44:16 Bow Saw
44:02 Legionary
44:55 Heavy Scorpion
47:39 Keep
47:45 Banking
49:08 Architecture
48:33 Murder Holes
48:49 Fortified Wall
49:04 Chain Barding Armor
49:44 Blast Furnace
48:40 Bodkin Arrow
49:15 Ring Archer Armor
50:18 Crop Rotation
52:05 Plate Barding Armor
54:08 Cavalier
54:48 Husbandry
58:06 Onager
60:01 Light Cavalry
60:51 Bloodlines
Connection lost

Rejoining the realm…

Still unreachable

The connection could not be restored.

Session expired

The server has moved on; the page needs a fresh start.